 Dungeon Crawl Stone Soup version 0.31-a0-840-g6d2ecbb638 (webtiles) character file.

Game seed: 7930663709515618696

67 BritishOli the Trooper (level 4, 36/36 HPs)
             Began as a Demonspawn Fighter on Sept 27, 2023.
             Got out of the dungeon alive.
             The game lasted 00:01:01 (1404 turns).

BritishOli the Trooper (Demonspawn Fighter)         Turns: 1404, Time: 00:01:02

Health: 36/36      AC:  6    Str: 18    XL:     4   Next: 0%
Magic:  4/4        EV:  9    Int: 12    God:
Gold:   49         SH:  4    Dex: 12    Spells: 3/3 levels left

rFire   . . .        a - +0 war axe
rCold   . . .        c - +0 buckler
rNeg    . . .        b - +0 scale mail
rPois   .            (no helmet)
rElec   .            (no cloak)
rCorr   .            (no gloves)
SInv    .            (no boots)
Will    .....        (no amulet) Stlth
                     (no ring)
HPRegen 0.26/turn    (no ring)
MPRegen 0.09/turn

%: no passive effects
@: no status effects
A: spiny 1, big brain 1
a: no special abilities


You escaped.
You visited 1 branch of the dungeon, and saw 2 of its levels.

You collected 49 gold pieces.

Inventory:

Hand Weapons
 a - a +0 war axe (weapon)
Armour
 b - a +0 scale mail (worn)
 c - a +0 buckler (worn)
Wands
 k - a wand of paralysis (10)
Scrolls
 e - 4 scrolls of identify {unknown}
 f - a scroll of brand weapon {unknown}
 g - a scroll of amnesia {unknown}
 i - a scroll of torment {unknown}
 j - a scroll of teleportation {unknown}
Potions
 d - a potion of might
 h - a potion of brilliance {unknown}


   Skills:
 + Level 3.6 Fighting
 + Level 2.5 Axes
 + Level 3.2 Armour
 - Level 3.0 Shields


You had 3 spell levels left.
You didn't know any spells.
Your spell library contained the following spells:

 Spells                   Type           Power      Damage    Failure   Level
 Animate Dead             Necr           0%         N/A       100%        4
 Haunt                    Necr/Summ      0%         N/A       100%        7
 Infestation              Necr           0%         N/A       100%        8


Dungeon Overview and Level Annotations

Branches:
Dungeon (2/15)

Altars:
Fedhas

Annotations:
D:2 1 runed translucent door, Crazy Yiuf


Innate Abilities, Weirdness & Mutations

You are partially covered in sharp spines.
You have an unusually large brain. (Int +2)


Message History

You hit the dart slug.
The dart slug is almost dead.
You block the dart slug's attack.
There are monsters nearby!
You hit the dart slug.
You kill the dart slug!
You block the ball python's attack.
A ball python is nearby!
You barely miss the ball python.
The ball python is struck by your spines.
The ball python bites you but does no damage.
The ball python bites you.
A ball python is nearby!
A ball python is nearby!
You closely miss the ball python.
The ball python is severely wounded.
The ball python bites you but does no damage.
A ball python is nearby!
You hit the ball python.
You kill the ball python!
You see here a ball python corpse.
A ball python comes into view.
The ball python hisses angrily.
A ball python is nearby!
A ball python is nearby!
You slash the ball python!
You kill the ball python!
You have reached level 4!
You feel clever.
Your demonic ancestry asserts itself...
Your brain expands.
Okay, then.
Unknown command.
You see here a ball python corpse.
There is a stone staircase leading up here.
You climb upwards.
There is a stone staircase leading down here.
Okay, then.
There is an open door here.
There is a staircase leading out of the dungeon here.
You have escaped!

#..#...>...#####..##########
#..#.#####.# #.[#........#
###....# #...# #....######.#
.....### #.#.# #..### #.#
.....# #.#.# #### #.# #.##.#
##.#.######## #.#
#.##.####.#..##.....# #.#
#.##.......####.....# #.#
#.########.####.@##.# #.#
#.####.......##.....# #.##
#...##.###...##.....# #..#
###.##.###.########'# ##.#
#.....).....#######.### #.#
#............#...#....# #.#
#.#.##†###...#...#....## #.#
#.#.##.# #..##.8.#.....# #.#
#.#.##.# #..##...'.....# #.#


There were no monsters in sight!

Vanquished Creatures
  An adder (D:2)
  2 dart slugs (D:2)
  3 orcs (D:2)
  5 bats
  6 endoplasms
  5 goblins
  4 hobgoblins (D:1)
  4 jackals (D:1)
  5 kobolds
  2 quokkas
  4 ball pythons (D:2)
  2 frilled lizards (D:1)
  3 rats (D:1)
46 creatures vanquished.

Notes
Turn   | Place    | Note
-------+----------+-------------------------------------------
     0 | D:1      | BritishOli the Demonspawn Fighter began the quest for the
                  | Orb.
     0 | D:1      | Reached XP level 1. HP: 18/18 MP: 1/1
   185 | D:1      | Gained mutation: You are partially covered in sharp spines.
                  | [demonic ancestry]
   185 | D:1      | Reached XP level 2. HP: 24/24 MP: 2/2
   494 | D:1      | Reached XP level 3. HP: 29/29 MP: 3/3
   722 | D:2      | Found a blossoming altar of Fedhas.
  1203 | D:2      | Found a runed translucent door.
  1204 | D:2      | Noticed Crazy Yiuf
  1335 | D:2      | Gained mutation: You have an unusually large brain. (Int
                  | +2) [demonic ancestry]
  1335 | D:2      | Reached XP level 4. HP: 36/36 MP: 4/4
  1404 | D:$      | Got out of the dungeon alive.

Illustrated notes

Levels and vault maps discovered:
D:1:      dpeg_arrival_rooms_b, layout_loops_ring, minmay_hexomino_f4
D:2:      layout_basic, basic_altar, moated_statue, minivault_23,
          minmay_misc_feat_tiny, uniq_crazy_yiuf_cottage

Skill      XL: |  1  2 |
---------------+-------+-----
Axes           | 2 |  2.5
Shields        | 3 |  3.0
Armour         | 3 |  3.2
Fighting       | |  3.6

Action                     |  1- 3 |  4- 6 || total
---------------------------+-------+-------++-------
  Melee: War axe           |    78 |       ||    78
 Armour: Scale mail        |    56 |       ||    56
  Dodge: Dodged            |    32 |       ||    32
  Block: Buckler           |    20 |       ||    20

Table legend: (Time is in decaauts)
 A = Elapsed time spent in this place.
 B = Non-inter-level travel time spent in this place.
 C = Inter-level travel time spent in this place.
 D = Time resting spent in this place.
 E = Time spent auto-exploring this place.
 F = Levels seen in this place.
 G = Mean time per level.
                   A        B        C        D        E       F      G
               +--------+--------+--------+--------+--------+-----+--------+
         Total |   1437 |   1345 |     92 |      0 |   1147 |   2 |  718.5 |
       Dungeon |   1437 |   1345 |     92 |      0 |   1147 |   2 |  718.5 |
               +--------+--------+--------+--------+--------+-----+--------+

Top non-repeatable levels by time:
     D:1: 767 daAuts
     D:2: 669 daAuts
